 Dungeon Crawl Stone Soup version 0.28-b1-25-g9875b3fc8c (webtiles) character file.

Game seed: 1885988279553160593

305 crazypyro the Chopper (level 6, -2/47 HPs)
             Began as a Demonspawn Berserker on Jan 31, 2022.
             Was a Believer of Trog.
             Slain by Duvessa (11 damage)
             ... on level 4 of the Dungeon.
             The game lasted 00:03:20 (2963 turns).

crazypyro the Chopper (Demonspawn Berserker)        Turns: 2963, Time: 00:03:21

Health: -2/47      AC:  5    Str: 20    XL:     6   Next: 15%
Magic:  6/6        EV: 11    Int:  8    God:    Trog [**....]
Gold:   206        SH:  4    Dex: 12    Spells: 5/5 levels left

rFire   . . .      SeeInvis .   t - +0 war axe
rCold   + . .      Faith    .   e - +0 buckler
rNeg    . . .      Spirit   .   b - +0 animal skin
rPois   .          Reflect  .   (helmet restricted)
rElec   .          Harm     .   h - +0 cloak
rCorr   .          Rampage  .   d - +1 pair of gloves
Will    .....                   (no boots)
Stlth   +.........              (no amulet)
HPRegen 0.15/turn               f - ring of protection from cold
MPRegen 0.10/turn               (no ring)

@: no status effects
A: horns 2, ignite blood 2
a: Renounce Religion, Berserk, Trog's Hand


You were on level 4 of the Dungeon.
You worshipped Trog.
Trog was pleased with you.
You visited 1 branch of the dungeon, and saw 4 of its levels.

You collected 206 gold pieces.

Inventory:

Hand Weapons
 a - a +1 hand axe
 t - a +0 war axe (weapon)
Armour
 b - a +0 animal skin (worn)
 d - a +1 pair of gloves (worn)
 e - a +0 buckler (worn)
 h - a +0 cloak (worn)
Jewellery
 f - a ring of protection from cold (left hand)
Wands
 g - a wand of flame (12)
Scrolls
 c - 5 scrolls of immolation
 i - a scroll of fear {unknown}
 j - a scroll of vulnerability {unknown}
 k - a scroll of amnesia {unknown}
 l - a scroll of enchant weapon
 m - 2 scrolls of identify {unknown}
 q - 2 scrolls of teleportation
 s - a scroll of enchant armour
Potions
 n - 2 potions of magic {unknown}
 o - 2 potions of haste {unknown}
 p - a potion of mutation {unknown}
 r - 2 potions of flight {unknown}


   Skills:
 - Level 3.0 Fighting
 * Level 5.7 Axes
 - Level 1.7 Armour
 - Level 1.7 Dodging
 + Level 2.5 Shields


You had 5 spell levels left.
You didn't know any spells.
Your spell library was empty.

Dungeon Overview and Level Annotations

Branches:
Dungeon (4/15)             Temple (0/1) D:4

Altars:
Nemelex Xobeh

Annotations:
D:4 Dowan, Duvessa


Innate Abilities, Weirdness & Mutations

You have a pair of horns on your head.
Your demonic aura often causes spilled blood to erupt in flames.


Message History

The endoplasm quivers.
You see here a +0 war axe.
t - a +0 war axe You hit the endoplasm but do no damage.
You hit the endoplasm.
The endoplasm is almost dead.
The endoplasm hits you but does no damage.
The endoplasm freezes you.
You are frozen.
You resist.
You hit the endoplasm.
You kill the endoplasm!
Trog accepts your kill.
t - a +0 war axe (weapon)
There is a stone staircase leading up here.
You now have 206 gold pieces (gained 7).
Found a hunting sling.
Found a helmet.
Found a staircase to the Ecumenical Temple.
Duvessa, Sister of Dowan comes into view.
She is wielding a +7 rapier of holy wrath.
Duvessa shouts!
Duvessa moves out of view.
You see here a +0 hunting sling.
You hear the slow hiss of a very distant avalanche of sand.
A hobgoblin comes into view.
Dowan, Brother of Duvessa comes into view.
He is wielding a +0 dagger.
Dowan shouts!
The hobgoblin shouts!
You hear a bark!
You hit Duvessa but do no damage.
Duvessa hits you with a +7 rapier of holy wrath!
You convulse.
You hit Duvessa.
Duvessa is lightly wounded.
Duvessa hits you with a +7 rapier of holy wrath!
You convulse.
You are too injured to fight recklessly!
You hit Duvessa.
Duvessa is moderately wounded.
Duvessa hits you with a +7 rapier of holy wrath!
* * * LOW HITPOINT WARNING * * *
You convulse!
You die...

###... #...#...
#.#...##....#.
..e .....#.. ..
...... .##...#.#
###.. ###.# .
#...###.e.##....
#.#).e@..g.#....
#...##..>..##...
#.#..#........#
#....##...###...
####..#.### ..
####..#.#... .
#.........##.
#......#.#....
.#
###...........#
...


You could see Duvessa, Dowan and a hobgoblin.

Vanquished Creatures
  Sigmund (D:2)
  Natasha (thrice) (D:3)
  3 adders
  2 dart slugs
  4 orcs (D:4)
  6 endoplasms
  6 giant cockroaches
  6 goblins
  4 hobgoblins
  2 quokkas
  6 ball pythons
  2 bats (D:2)
  3 frilled lizards
  8 kobolds
  3 rats (D:1)
59 creatures vanquished.

Notes
Turn   | Place    | Note
-------+----------+-------------------------------------------
     0 | D:1      | crazypyro the Demonspawn Berserker began the quest for the
                  | Orb.
     0 | D:1      | Reached XP level 1. HP: 18/18 MP: 1/1
   122 | D:1      | Reached skill level 3 in Axes
   361 | D:1      | Gained mutation: Your demonic aura sometimes causes spilled
                  | blood to erupt in flames. [demonic ancestry]
   361 | D:1      | Reached XP level 2. HP: 24/24 MP: 2/2
  1101 | D:2      | Gained mutation: You have a pair of small horns on your
                  | head. [demonic ancestry]
  1101 | D:2      | Reached XP level 3. HP: 28/29 MP: 3/3
  1183 | D:2      | Reached skill level 4 in Axes
  1338 | D:2      | Reached ** piety under Trog
  1384 | D:2      | Noticed Sigmund
  1397 | D:2      | Killed Sigmund
  1398 | D:2      | Reached skill level 5 in Axes
  1398 | D:2      | Reached skill level 1 in Shields
  1398 | D:2      | Reached XP level 4. HP: 17/35 MP: 4/4
  1398 | D:2      | Gained mutation: Your demonic aura often causes spilled
                  | blood to erupt in flames. [demonic ancestry]
  1398 | D:2      | Reached XP level 5. HP: 20/41 MP: 5/5
  1687 | D:2      | Found a faded altar of an unknown god.
  1821 | D:3      | Noticed Natasha
  1829 | D:3      | Killed Natasha
  1840 | D:3      | Noticed Natasha
  1846 | D:3      | Killed Natasha
  2237 | D:3      | Found a sparkling altar of Nemelex Xobeh.
  2374 | D:3      | Noticed Natasha
  2385 | D:3      | Killed Natasha
  2386 | D:3      | Gained mutation: You have a pair of horns on your head.
                  | [demonic ancestry]
  2386 | D:3      | Reached XP level 6. HP: 33/47 MP: 6/6
  2949 | D:4      | Found a staircase to the Ecumenical Temple.
  2953 | D:4      | Noticed Duvessa
  2957 | D:4      | Noticed Dowan
  2963 | D:4      | Slain by Duvessa

Illustrated notes

Levels and vault maps discovered:
D:1:      lemuel_arrival_rhombus, layout_basic
D:2:      layout_rooms, nicolae_ecumenical_snake_handling, chequers_mini_garden,
          minmay_tromino_v7, uniq_sigmund
D:3:      layout_loops_ring, old_standard_altar, minmay_pentangle, uniq_natasha
D:4:      layout_cave_pools, kennysheep_little_box, cheibriados_altar_1,
          minmay_temple_entry_slanted, gup_ossuary_entry_pyramid,
          chequers_serial_rivers_micro_b, uniq_duvessa

Skill      XL: |  1  2  3  4  5 |
---------------+----------------+-----
Axes           | 3 5 |  5.7
Shields        | 1 2 |  2.5
Fighting       | |  3.0
Armour         | |  1.7
Dodging        | |  1.7

Action                   |  1- 3 |  4- 6 || total
-------------------------+-------+-------++-------
Melee: Hand axe          |    68 |    90 ||   158
       Punch             |     1 |       ||     1
       Headbutt          |     4 |    10 ||    14
       War axe           |       |     3 ||     3
  Use: Scroll            |     4 |       ||     4
 Stab: Sleeping          |     1 |     2 ||     3
Armor: Animal skin       |    15 |    23 ||    38
Dodge: Dodged            |    31 |    38 ||    69
Block: Buckler           |     3 |    14 ||    17
